 Dungeon Crawl Stone Soup version 0.27-a0-1557-g57f10a385c (webtiles) character file.

Game seed: 13473789782127940093

767 nyamberluvr69 the Slasher (level 8, -3/63 HPs)
             Began as a Human Fighter on July 16, 2021.
             Slain by a yak (12 damage)
             ... on level 5 of the Dungeon.
             The game lasted 00:07:32 (5851 turns).

nyamberluvr69 the Slasher (Human Fighter)           Turns: 5851, Time: 00:07:32

Health: -3/63      AC: 11    Str: 19    XL:     8   Next: 9%
Magic:  8/8        EV:  7    Int:  9    God:
Gold:   289        SH: 14    Dex: 12    Spells: 7/7 levels left

rFire    . . .     SeeInvis .   a - +0 long sword
rCold    . . .     Faith    .   c - +0 kite shield
rNeg     . . .     Spirit   .   b - +0 scale mail
rPois    .         Reflect  +   q - +2 hat
rElec    .         Harm     .   (no cloak)
rCorr    .         Rampage  .   l - +0 pair of gloves
Will     .....                  w - +0 pair of boots
Stlth    ..........             e - amulet of reflection
HPRegen  0.20/turn              (no ring)
MPRegen  0.11/turn              (no ring)

@: no status effects
A: no striking features
a: no special abilities


You were on level 5 of the Dungeon.
You visited 1 branch of the dungeon, and saw 5 of its levels.

You collected 289 gold pieces.

Inventory:

Hand Weapons
 a - a +0 long sword (weapon)
Missiles
 x - a throwing net (quivered)
Armour
 b - a +0 scale mail (worn)
 c - a +0 kite shield (worn)
 l - a +0 pair of gloves (worn)
 q - a +2 hat (worn)
 w - a +0 pair of boots (worn)
Jewellery
 e - an amulet of reflection (around neck)
 g - a +6 ring of dexterity
Wands
 A - a wand of flame (22)
Scrolls
 d - a scroll of immolation {unknown}
 h - a scroll of acquirement {unknown}
 i - a scroll of vulnerability {unknown}
 k - a scroll of noise {unknown}
 n - a scroll of enchant armour
 o - a scroll of torment {unknown}
 u - 2 scrolls of identify {unknown}
 y - a scroll of magic mapping {unknown}
 z - a scroll of brand weapon {unknown}
 B - a scroll of enchant weapon {unknown}
Potions
 f - 2 potions of degeneration {unknown}
 j - 2 potions of haste {unknown}
 m - 2 potions of lignification {unknown}
 p - a potion of resistance
 r - a potion of mutation {unknown}
 s - a potion of brilliance {unknown}
 t - a potion of curing
 v - a potion of ambrosia


   Skills:
 + Level 5.6 Fighting
 * Level 7.2 Long Blades
 - Level 3.0 Armour
 - Level 3.0 Shields


You had 7 spell levels left.
You didn't know any spells.
Your spell library contained the following spells:

 Spells                   Type           Power      Damage    Failure   Level
 Animate Skeleton         Necr           0%         N/A       99%         1
 Apportation              Tloc           0%         N/A       99%         1
 Corona                   Hex            0%         N/A       99%         1
 Summon Small Mammal      Summ           0%         N/A       99%         1


Dungeon Overview and Level Annotations

Branches:
Dungeon (5/15)
 Temple: D:4-7

Altars:
Dithmenos
Makhleb
Wu Jian

Shops:
D:3 !


Message History

Your shield prevents you from hitting the yak.
The yak is moderately wounded.
The yak gores you! You block the yak's attack.
You hit the yak.
The yak is moderately wounded.
The yak gores you. You block the yak's attack.
You slash the yak!
The yak is heavily wounded.
You block the yak's attack. The yak barely misses you.
You riposte.
You hit the yak but do no damage. You hit the yak but do no damage.
The yak is heavily wounded.
The yak gores you! x2; You block the yak's attack.
The yak gores you.
You are too injured to fight recklessly!
You are too injured to fight recklessly!
You are too injured to fight recklessly!
You are too injured to fight recklessly!
You are too injured to fight recklessly!
You hit the yak.
The yak is lightly wounded.
You block the yak's attack.
You slash the yak!
The yak is heavily wounded.
You block the yak's attack.
You hit the yak but do no damage.
The yak is heavily wounded.
The yak gores you!
You slash the yak!
The yak is severely wounded.
The yak gores you!
* * * LOW HITPOINT WARNING * * *
The yak gores you.
* * * LOW HITPOINT WARNING * * *
Okay, then.
There is an open door here.
There's a creature in the doorway!
You hit the yak but do no damage.
The yak is severely wounded.
The yak gores you!
You die...

.# #.# #.# .# #.# #.#
.######Y### ###### #.#
..........# #....# #.#####
..#####.#.# #....# #...Y.Y
#.## #.#+## #....# #######
#..# #....# #....# #..#
#....# #....# #..## #....#
#.@..# #...# #....#####Y###
#.#.# #......Y.Y.############
#.#.###.....####............#
#.#..##.....# ############.#
#.##.##.....# #.#
#.##..#.########## #.#
#.###.#.#........# #.# #.#
#.#.#........# #.#


You could see 2 yaks.

Vanquished Creatures
  A yak (D:5)
  An ice beast (D:5)
  A wyvern zombie (D:4)
  2 scorpions (D:5)
  2 centaur skeletons
  A hound (D:5)
  A jelly (D:5)
  An orc wizard (D:5)
  A hound skeleton (D:4)
  4 gnolls
  6 adders
  A river rat (D:5)
  2 worms
  2 dart slugs
  3 orcs
  5 endoplasms
  3 giant cockroaches
  7 goblins
  10 hobgoblins
  9 kobolds
  8 quokkas
  14 ball pythons
  5 bats
  3 frilled lizards
  2 rats
95 creatures vanquished.

Vanquished Creatures (others)
  A plant (D:3)
1 creature vanquished.

Grand Total: 96 creatures vanquished

Notes
Turn   | Place    | Note
-------+----------+-------------------------------------------
     0 | D:1      | nyamberluvr69 the Human Fighter began the quest for the
                  | Orb.
     0 | D:1      | Reached XP level 1. HP: 18/18 MP: 1/1
    88 | D:1      | Reached XP level 2. HP: 23/24 MP: 2/2
   252 | D:1      | Found a faded altar of an unknown god.
   464 | D:1      | Reached XP level 3. HP: 26/29 MP: 3/3
   579 | D:1      | Reached skill level 3 in Long Blades
  1126 | D:2      | Found an ornate altar of the Wu Jian Council.
  1361 | D:2      | Reached XP level 4. HP: 29/35 MP: 4/4
  2063 | D:3      | Reached skill level 4 in Long Blades
  2069 | D:3      | Reached XP level 5. HP: 33/42 MP: 5/5
  2148 | D:3      | Found a shadowy altar of Dithmenos.
  2233 | D:3      | Found Sadoasix's Distillery.
  3738 | D:4      | Found the +15 Maxwell's patent armour {-Cast -Tele rElec
                  | Will+ rCorr}
  3790 | D:4      | Reached XP level 6. HP: 42/48 MP: 6/6
  3865 | D:4      | Reached skill level 5 in Long Blades
  3980 | D:4      | Found a burning altar of Makhleb.
  3984 | D:4      | Identified the +5 whip "Baotz" {freeze, rN++}
  4648 | D:5      | Entered Level 5 of the Dungeon
  4731 | D:5      | Reached XP level 7. HP: 31/55 MP: 7/7
  4790 | D:5      | Reached skill level 6 in Long Blades
  5048 | D:5      | Reached skill level 5 in Fighting
  5099 | D:5      | Noticed a yak
  5099 | D:5      | Noticed a yak
  5099 | D:5      | Noticed a yak
  5099 | D:5      | Noticed a yak
  5105 | D:5      | Noticed a yak
  5276 | D:5      | Killed a yak
  5277 | D:5      | Reached skill level 7 in Long Blades
  5321 | D:5      | Reached XP level 8. HP: 25/63 MP: 8/8
  5851 | D:5      | Slain by a yak

Illustrated notes

Levels and vault maps discovered:
D:1:      nicolae_arrival_memento_mori, layout_loops_ring,
          shapermc_ecumenical_altar_notcrosses, hangedman_decor_growths,
          chequers_serial_rivers_large_b, minmay_tiny_reverse_x
D:2:      layout_basic, basic_altar
D:3:      layout_loops_ring, nicolae_overflow_crystal_walls, serial_shops,
          nicolae_shop_trees, saegor_snake_ambush
D:4:      layout_basic, bloody_makhleb, serial_glass, glass_columns_a,
          glass_columns_a, grunt_ministairs_1
D:5:      layout_basic, minitemple, portal_sewer_entry_b

Skill      XL: |  1  2  3  4  5  6  7 |
---------------+----------------------+-----
Long Blades    | 3 4 5 7 |  7.2
Fighting       | 4 5 |  5.6
Armour         | |  3.0
Shields        | |  3.0

Action                   |  1- 3 |  4- 6 |  7- 9 || total
-------------------------+-------+-------+-------++-------
Melee: Long sword        |   125 |   213 |   111 ||   449
Throw: Throwing net      |       |       |     1 ||     1
  Use: Potion            |       |       |     3 ||     3
       Scroll            |       |       |     1 ||     1
Armor: Scale mail        |    56 |    81 |    54 ||   191
Dodge: Dodged            |    29 |    62 |    23 ||   114
Block: Kite shield       |   104 |   212 |    63 ||   379
       Reflection        |       |     2 |     1 ||     3
       Rpst.: Long sword |    12 |    18 |     8 ||    38

Table legend: (Time is in decaauts)
 A = Elapsed time spent in this place.
 B = Non-inter-level travel time spent in this place.
 C = Inter-level travel time spent in this place.
 D = Time resting spent in this place.
 E = Time spent auto-exploring this place.
 F = Levels seen in this place.
 G = Mean time per level.
                   A        B        C        D        E       F      G
               +--------+--------+--------+--------+--------+-----+--------+
         Total |   6116 |   5982 |    134 |   1107 |   3567 |   5 | 1223.2 |
       Dungeon |   6116 |   5982 |    134 |   1107 |   3567 |   5 | 1223.2 |
               +--------+--------+--------+--------+--------+-----+--------+

Top non-repeatable levels by time:
     D:3: 1395 daAuts
     D:4: 1314 daAuts
     D:5: 1247 daAuts
     D:1: 1158 daAuts
     D:2: 1002 daAuts
